 Dungeon Crawl Stone Soup version 0.31.0-2-g5a2aebc5c2 (webtiles) character file.

Game seed: 6315168462011937803

6104 Bronimir the Spear-Bearer (level 10, 0/79 HPs)
             Began as a Demonspawn Berserker on Jan 21, 2024.
             Was an Elder of Trog.
             Incinerated by a deep elf pyromancer (3 damage)
             ... with a pyre arrow
             ... on level 8 of the Dungeon.
             The game lasted 00:15:40 (6627 turns).

Bronimir the Spear-Bearer (Demonspawn Berserker)    Turns: 6627, Time: 00:15:40

Health: 0/79       AC: 11    Str: 25    XL:     10   Next: 58%
Magic:  19/19      EV: 12    Int:  6    God:    Trog [****..]
Gold:   445        SH:  5    Dex: 15    Spells: 9/9 levels left

rFire   + . .        l - +7 halberd of Malaise {venom, Will+}
rCold   + . .        (shield currently unavailable)
rNeg    . . .        d - +1 ring mail
rPois   +            (no helmet)
rElec   +            y - +0 cloak
rCorr   +            (no gloves)
SInv    .            (no boots)
Will    +....        r - amulet of reflection
Stlth   +            h - ring of magical power
HPRegen 0.33/turn    (no ring)
MPRegen 0.16/turn

%: reflection, clarity
@: on fire, resistant, glowing, unable to drink
A: molten scales 2, spiny 3, demonic touch 1, thin skeletal structure 1,
clarity, strong 1, inability to drink after injury 1
a: Renounce Religion, Berserk, Trog's Hand, Brothers in Arms


You were on level 8 of the Dungeon.
You worshipped Trog.
Trog was greatly pleased with you.
You visited 1 branch of the dungeon, and saw 8 of its levels.

You collected 445 gold pieces.

Inventory:

Hand Weapons
 a - a +0 hand axe
 j - a +2 orcbow of draining
 l - the +7 halberd of Malaise (weapon) {venom, Will+}
   (You found it on level 2 of the Dungeon)

   Will+:     It increases your willpower.
 v - a +2 hand axe of flaming
Missiles
 B - 2 throwing nets (quivered)
Armour
 b - a +0 animal skin
 d - a +1 ring mail (worn)
 y - a +0 cloak (worn)
Jewellery
 h - a ring of magical power (left hand)
 r - an amulet of reflection (around neck)
Wands
 g - a wand of mindburst (6)
 z - a wand of roots (5)
Scrolls
 c - 3 scrolls of revelation
 f - 10 scrolls of identify
 k - 2 scrolls of teleportation {unknown}
 n - 3 scrolls of enchant weapon
 o - 2 scrolls of amnesia {unknown}
 p - a scroll of fear {unknown}
 t - a scroll of poison {unknown}
 A - a scroll of immolation {unknown}
 E - a scroll of vulnerability {unknown}
Potions
 e - 3 potions of mutation
 m - 2 potions of heal wounds
 q - 3 potions of degeneration {unknown}
 s - a potion of haste {unknown}
 u - a potion of might {unknown}
 w - a potion of curing {unknown}
 x - a potion of cancellation {unknown}
 C - a potion of lignification {unknown}
 D - a potion of brilliance {unknown}


   Skills:
 + Level 7.4 Fighting
 + Level 3.1(7.6) Axes
 * Level 10.9(11.1) Polearms
 * Level 6.1 Armour
 + Level 3.8 Dodging
 + Level 2.0 Stealth
 + Level 0.7 Shields
 * Level 2.1 Evocations


You had 9 spell levels left.
You didn't know any spells.
Your spell library was empty.

Dungeon Overview and Level Annotations

Branches:
Dungeon (8/15)             Temple (0/1) D:7
   Lair: D:8-11

Altars:
Dithmenos
Fedhas
Hepliaklqana
Kikubaaqudgha
Makhleb
Okawaru
Ru
Vehumet


Innate Abilities, Weirdness & Mutations

You are mostly covered in molten scales. (AC +3)
You are completely covered in sharp spines.
Your touch may inflict minor irresistible damage on your foes.
You have a somewhat thin skeletal structure. (Dex +2, Stealth+)
You possess an exceptional clarity of mind.
Your muscles are strong. (Str +4, Int/Dex -1)
You occasionally lose the ability to drink potions when taking damage.


Message History

The deep elf pyromancer is heavily wounded.
The liquid fire burns you!
The deep elf pyromancer is struck by your spines.
The deep elf pyromancer hits you with a +0 dagger.
You are too injured to fight recklessly!
You are too injured to fight recklessly!
You are too injured to fight recklessly!
You miss the deep elf pyromancer.
The deep elf pyromancer is severely wounded.
The liquid fire burns you!
The deep elf pyromancer is struck by your spines.
The deep elf pyromancer hits you but does no damage.
You hit the deep elf pyromancer.
You kill the deep elf pyromancer!
Trog accepts your kill.
Trog appreciates your killing of a magic user.
The liquid fire burns you!
* * * LOW HITPOINT WARNING * * *
Your Stealth skill increases to level 2!
Your Evocations skill increases to level 2!
You are on fire!
You feel protected. The liquid fire burns you!
* * * LOW HITPOINT WARNING * * *
The liquid fire burns you!
* * * LOW HITPOINT WARNING * * *
The liquid fire burns you!
* * * LOW HITPOINT WARNING * * *
You feel much better. The liquid fire burns you!
* * * LOW HITPOINT WARNING * * *
The liquid fire burns you!
* * * LOW HITPOINT WARNING * * *
The liquid fire burns you!
* * * LOW HITPOINT WARNING * * *
You feel threatened and lose the ability to drink potions!
The liquid fire burns you!
* * * LOW HITPOINT WARNING * * *
The liquid fire burns you!
You die...

#### ##... ##.... ####
#..... ..#### ##.....
#)!#.## ##.....† #@##..##
#.......
####.##..####.......
##.#.####..##........
##.#.#.# ##.##....(...
#.#########...........
#..##.#.#.##.............
#...........##..........
##############.#........
####...####


There were no monsters in sight!

Vanquished Creatures
  A boulder beetle (D:7)
  2 deep elf pyromancers
  An ugly thing (D:8)
  An unseen horror (D:7)
  A kobold demonologist (D:7)
  A wraith (D:7)
  Sigmund (D:6)
  A slime creature (D:6)
  Edmund (D:5)
  A vampire mosquito (D:7)
  A water moccasin (D:7)
  A black bear (D:7)
  3 ice beasts (D:7)
  4 sky beasts
  2 orc warriors
  2 ogres (D:7)
  A centaur (D:7)
  2 phantoms (D:5)
  3 kobold brigands (D:6)
  A gnoll sergeant (D:7)
  3 bullfrogs (D:7)
  3 scorpions
  3 howler monkeys (D:5)
  3 bombardier beetles (D:5)
  4 jellies
  3 orc priests
  2 hounds
  A gnoll bouda (D:7)
  5 iguanas
  A sleepcap (D:7)
  2 orc wizards (D:8)
  11 gnolls (D:7)
  9 adders
  A shadow imp (D:6)
  2 white imps (D:7)
  6 ufetubi
  2 ribbon worms
  26 orcs
  7 endoplasms
  4 giant cockroaches
  5 goblins
  2 hobgoblins
  2 jackals (D:3)
  11 kobolds
  4 quokkas
  5 ball pythons
  6 bats
  A frilled lizard (D:5)
  A rat (D:3)
166 creatures vanquished.

Notes
Turn   | Place    | Note
-------+----------+-------------------------------------------
     0 | D:1      | Bronimir the Demonspawn Berserker began the quest for the
                  | Orb.
     0 | D:1      | Reached XP level 1. HP: 18/18 MP: 1/1
   805 | D:2      | Gained mutation: Your touch may inflict minor irresistible
                  | damage on your foes. [demonic ancestry]
   805 | D:2      | Reached XP level 2. HP: 24/24 MP: 2/2
  1085 | D:2      | Identified the +7 halberd of Malaise {venom, Will+}
  1407 | D:2      | Gained mutation: You are partially covered in molten
                  | scales. (AC +2) [demonic ancestry]
  1407 | D:2      | Reached XP level 3. HP: 12/29 MP: 3/3
  1501 | D:3      | Identified the +0 short sword of Classification {antimagic,
                  | +Blink Str+7 Dex+3 SInv}
  1587 | D:3      | Reached ** piety under Trog
  1654 | D:3      | Reached skill level 1 in Polearms
  1815 | D:3      | Found a burning altar of Makhleb.
  1821 | D:3      | Noticed an angel
  1821 | D:3      | Noticed a cacodemon
  2014 | D:4      | Gained mutation: You are partially covered in sharp spines.
                  | [demonic ancestry]
  2014 | D:4      | Reached XP level 4. HP: 37/37 MP: 4/4
  2202 | D:4      | Reached skill level 2 in Polearms
  2375 | D:4      | Reached XP level 5. HP: 42/42 MP: 5/5
  2789 | D:5      | Entered Level 5 of the Dungeon
  2799 | D:5      | Reached skill level 3 in Polearms
  2847 | D:5      | Noticed a phantom
  2853 | D:5      | Killed a phantom
  2854 | D:5      | Gained mutation: You are mostly covered in sharp spines.
                  | [demonic ancestry]
  2854 | D:5      | Reached XP level 6. HP: 41/48 MP: 6/6
  2939 | D:5      | Reached skill level 4 in Polearms
  3142 | D:5      | Noticed Edmund
  3161 | D:5      | Gained mutation: You occasionally lose the ability to drink
                  | potions when taking damage. [potion of mutation]
  3161 | D:5      | Gained mutation: You possess an exceptional clarity of
                  | mind. [potion of mutation]
  3161 | D:5      | Gained mutation: Your muscles are strong. (Str +4, Int/Dex
                  | -1) [potion of mutation]
  3161 | D:5      | Gained mutation: You have a somewhat thin skeletal
                  | structure. (Dex +2, Stealth+) [potion of mutation]
  3164 | D:5      | Killed Edmund
  3165 | D:5      | Reached skill level 5 in Polearms
  3165 | D:5      | Reached XP level 7. HP: 41/55 MP: 7/7
  3228 | D:5      | Found a sacrificial altar of Ru.
  3441 | D:5      | Reached *** piety under Trog
  3654 | D:6      | Reached skill level 6 in Polearms
  3762 | D:6      | Found a hazy altar of Hepliaklqana.
  3762 | D:6      | Found a radiant altar of Vehumet.
  3762 | D:6      | Found an ancient bone altar of Kikubaaqudgha.
  3762 | D:6      | Found a shadowy altar of Dithmenos.
  3762 | D:6      | Noticed a slime creature
  3768 | D:6      | Gained mutation: You are mostly covered in molten scales.
                  | (AC +3) [demonic ancestry]
  3768 | D:6      | Reached XP level 8. HP: 61/61 MP: 8/8
  3778 | D:6      | Killed a slime creature
  3779 | D:6      | Reached skill level 5 in Fighting
  3779 | D:6      | Reached skill level 7 in Polearms
  3779 | D:6      | Reached skill level 1 in Stealth
  4110 | D:6      | Noticed Sigmund
  4119 | D:6      | Killed Sigmund
  4951 | D:7      | Reached skill level 8 in Polearms
  5009 | D:7      | Found a staircase to the Ecumenical Temple.
  5012 | D:7      | Gained mutation: You are completely covered in sharp
                  | spines. [demonic ancestry]
  5012 | D:7      | Reached XP level 9. HP: 46/69 MP: 9/9
  5162 | D:7      | Reached **** piety under Trog
  5392 | D:7      | Noticed a boulder beetle
  5438 | D:7      | Reached skill level 9 in Polearms
  5456 | D:7      | Killed a boulder beetle
  5457 | D:7      | Reached skill level 5 in Armour
  5738 | D:7      | Reached skill level 10 in Polearms
  5756 | D:7      | Reached XP level 10. HP: 79/79 MP: 10/10
  5892 | D:7      | Noticed a deep elf pyromancer
  5902 | D:7      | Reached skill level 1 in Evocations
  5906 | D:7      | Killed a deep elf pyromancer
  6127 | D:7      | Found an iron altar of Okawaru.
  6131 | D:7      | Found a hazy altar of Hepliaklqana.
  6135 | D:7      | Found a blossoming altar of Fedhas.
  6607 | D:8      | Noticed a white ugly thing
  6612 | D:8      | Noticed a deep elf pyromancer
  6613 | D:8      | Killed a white ugly thing
  6619 | D:8      | Killed a deep elf pyromancer
  6622 | D:8      | HP: 2/79 [burnt (5)]
  6627 | D:8      | Incinerated by a deep elf pyromancer

Illustrated notes

Levels and vault maps discovered:
D:1:      amcnicky_arrival_double_pillar, layout_loops_ring
D:2:      layout_loops_ring
D:3:      layout_rooms, grunt_temple_overflow_order_and_chaos_2, minmay_vboxes
D:4:      layout_basic, nicolae_figureground_pulse
D:5:      layout_basic, nicolae_ru_great_annihilating_truth, uniq_edmund
D:6:      cheibrodos_fertilizer, layout_basic, serial_glass, glass_columns_a,
          glass_columns_a, minmay_strange_pillars, feat_on_display,
          nicolae_fountain_basement, uniq_sigmund
D:7:      layout_basic, grunt_temple_overflow_diamond,
          minmay_temple_entry_proselytizer, minmay_shattered_shrine
D:8:      layout_cave_pods, gammafunk_ghost_smash, dk_noncrumbling_3,
          minmay_small_thing

Skill      XL: |  1  2  3  4  5  6  7  8  9 10 |
---------------+-------------------------------+-----
Axes           | 3 |  3.1
Armour         | 2 3 4 5 6 |  6.1
Dodging        | 2 3 |  3.8
Polearms       | 1 2 3 5 6 8 10 | 10.9
Fighting       | 4 5 7 |  7.4
Stealth        | 1 2 |  2.0
Evocations     | 2 |  2.1
Shields        | |  0.7

Action                     |  1- 3 |  4- 6 |  7- 9 | 10-12 || total
---------------------------+-------+-------+-------+-------++-------
  Melee: Hand axe          |    44 |       |       |       ||    44
         Halberd           |    52 |    58 |   161 |    44 ||   315
         Touch             |     1 |       |       |       ||     1
 Invoke: Berserk           |       |       |     1 |     1 ||     2
         Trog's Hand       |       |       |     1 |       ||     1
    Use: Potion            |       |     4 |       |     3 ||     7
         Scroll            |       |       |     4 |       ||     4
   Stab: Sleeping          |       |       |     5 |     1 ||     6
         Paralysed         |       |       |     1 |       ||     1
 Armour: Ring mail         |    66 |    20 |    87 |    24 ||   197
         Animal skin       |     5 |       |       |       ||     5
  Dodge: Dodged            |    88 |    24 |    64 |     9 ||   185
  Block: Other             |       |       |     7 |     7 ||    14
         Reflection        |       |       |     1 |       ||     1
